 Dungeon Sprint DCSS version 0.26-a0-958-gf3041fb45f (webtiles) character file.

Game seed: 14821513400420840605

3628 iamoutofideas the Eclecticist (level 9, -18/45 HPs)
             Began as a Deep Elf Fire Elementalist on Dec 2, 2020.
             Was an Elder of Vehumet.
             Killed from afar by Sigmund (47 damage)
             ... with a bolt of fire
             ... in the Dungeon (Sprint III: "The Ten Rune Challenge").
             The game lasted 00:06:07 (2193 turns).

iamoutofideas the Eclecticist (DEFE)                Turns: 2193, Time: 00:06:07

Health: -18/45     AC:  4    Str:  5    XL:     9   Next: 87%
Magic:  6/31       EV: 13    Int: 24    God:    Vehumet [****..]
Gold:   40         SH:  0    Dex: 17    Spells: 21/41 levels left

rFire    . . .     SeeInvis .   n - +2 long sword (holy)
rCold    . . .     Faith    .   (no shield)
rNeg     . . .     Spirit   .   a - +0 robe
rPois    .         Reflect  .   (no helmet)
rElec    .         Harm     .   (no cloak)
rCorr    .         Rampage  .   (no gloves)
MR       .....     NoTele   +   (no boots)
Stlth    ++........             (no amulet)
HPRegen  0.15/turn              (no ring)
MPRegen  0.22/turn              (no ring)

@: lethally poisoned (-18 -> -22), slowed, very slow
A: agile 1, shaggy fur 2
a: Renounce Religion


You were in the Dungeon.
You worshipped Vehumet.
Vehumet was greatly pleased with you.
You visited 1 branch You collected 40 gold pieces.

Inventory:

Hand Weapons
 n - a +2 long sword of holy wrath (weapon)
Armour
 a - a +0 robe (worn)
Scrolls
 b - 5 scrolls of identify
 i - 3 scrolls of immolation
 j - 3 scrolls of remove curse
Potions
 c - a potion of curing
 e - a potion of haste
 f - 2 potions of magic
 g - 2 potions of berserk rage
 k - 3 potions of flight
 l - 4 potions of mutation
 m - a potion of might
Miscellaneous
 o - a lightning rod (4/4)


   Skills:
 - Level 2.4 Dodging
 - Level 2.4 Stealth
 + Level 16.5 Spellcasting
 + Level 14.0 Conjurations
 + Level 14.4 Fire Magic


You had 21 spell levels left.
You knew the following spells:

 Your Spells              Type           Power        Failure   Level
a - Foxfire               Conj/Fire      ####         0%          1
b - Conjure Flame         Conj/Fire      ######..     0%          3
c - Fireball              Conj/Fire      ######....   1%          5
d - Sticky Flame          Conj/Fire      ######..     1%          4
e - Ignite Poison         Fire/Tmut/Pois #####...     1%          3
f - Olgreb's Toxic Radia  Pois           ###.....     7%          4

Your spell library contained the following spells:

 Spells                   Type           Power        Failure   Level
 Inner Flame              Hex/Fire       ######..     1%          3
 Animate Skeleton         Necr           ###...       2%          1
 Apportation              Tloc           ###...       2%          1
 Corona                   Hex            ###....      2%          1
 Summon Small Mammal      Summ           ###.         2%          1


Dungeon Overview and Level Annotations

Branches:
Dungeon (1/1)

Altars:
Cheibriados
Dithmenos
Elyvilon
Fedhas
Gozag
Hepliaklqana
Kikubaaqudgha
Makhleb
Nemelex Xobeh
Okawaru
Qazlal
Ru
Sif Muna
Trog
Uskayaw
Vehumet
Wu Jian
Xom
Yredelemnul
Zin
The Shining One
Beogh
Jiyva
Lugonu

Annotations:
D Edmund, Sigmund


Innate Abilities, Weirdness & Mutations

You are agile. (Dex +2)
You are covered in thick fur. (AC +2)


Message History

Press: ? - help, Shift-Dir - straight line, f - Edmund
Aim: Edmund, wielding a +2 great mace of freezing (moderately wounded, poisoned)
The fireball explodes!
The fireball engulfs Edmund!!
Edmund is heavily wounded.
The fireball engulfs something!!
You feel sick.
Edmund looks more healthy.
Unknown command.
Unknown command.
Casting: Fireball (safe; 1% risk of failure)
Confirm with . or Enter, or press ? or * to list all spells.
Aiming: Fireball (safe; 1% risk of failure)
Press: ? - help, Shift-Dir - straight line, f/p - Edmund
Aim: Edmund, wielding a +2 great mace of freezing (heavily wounded)
The fireball explodes!
The fireball engulfs Edmund!!!
Edmund is almost dead.
The fireball engulfs something!!
You feel sick.
You hear some strange, mumbled words.
A bolt of fire appears from out of thin air!
The bolt of fire hits you!!!
Ouch! That really hurt!
You die...

#
#+#####################
#....#.#.#...).#..^..^+
##.#))#.##.###.#.^...^#
'##)#.#.##.#..##.^....#
#...#..#..##..((^..^..#
▓▓▓▓▓▓▓▓▓▓▓▓▓▓#(...^..#
........≈≈≈...#(^.....#
≈≈≈≈≈≈≈≈≈≈♣♣..+(@.^...#
♣♣♣♣♣♣♣♣♣♣♣♣PP#.(.....#
♣♣♣##§###### #.{@+
#...# #...# #####


You could see Edmund.

Vanquished Creatures
  Erolcha (D)
  A deep elf mage (D)
  3 wandering mushrooms (D)
  2 redbacks (D)
  A shadow (D)
  A spatial vortex (D)
  A necrophage (D)
  5 two-headed ogres (D)
  A water elemental (D)
  A jelly (D)
  A wizard (D)
  A necromancer (D)
  3 humans (D)
  A kobold demonologist (D)
  A wolf (D)
  An ooze (D)
  3 rats (D)
28 creatures vanquished.

Vanquished Creatures (others)
  66 foxfires (D)
  3 plants (D)
69 creatures vanquished.

Grand Total: 97 creatures vanquished

Notes
Turn   | Place    | Note
-------+----------+-------------------------------------------
     0 | D        | iamoutofideas the Deep Elf Fire Elementalist began the
                  | quest for the Orb.
     0 | D        | Reached XP level 1. HP: 10/10 MP: 6/6
   285 | D        | Reached skill level 4 in Spellcasting
   325 | D        | Reached skill level 5 in Spellcasting
   325 | D        | Reached XP level 2. HP: 15/15 MP: 1/10
   417 | D        | Reached skill level 5 in Fire Magic
   417 | D        | Reached XP level 3. HP: 8/19 MP: 7/12
   572 | D        | Learned a level 3 spell: Conjure Flame
   601 | D        | Gained mutation: You are covered in fur. (AC +1) [potion of
                  | mutation]
   601 | D        | Gained mutation: You are agile. (Dex +2) [potion of
                  | mutation]
   601 | D        | Gained mutation: You are covered in thick fur. (AC +2)
                  | [potion of mutation]
   603 | D        | Noticed a water elemental
   610 | D        | Killed a water elemental
   611 | D        | Reached skill level 7 in Spellcasting
   611 | D        | Reached skill level 5 in Conjurations
   611 | D        | Reached XP level 4. HP: 16/24 MP: 10/15
   709 | D        | Found a basalt altar of Yredelemnul.
   709 | D        | Found a shadowy altar of Dithmenos.
   709 | D        | Found a sacrificial altar of Ru.
   709 | D        | Noticed a necrophage
   717 | D        | Killed a necrophage
   718 | D        | Reached skill level 9 in Spellcasting
   718 | D        | Reached XP level 5. HP: 28/28 MP: 9/18
   789 | D        | Learned a level 5 spell: Fireball
   792 | D        | Found a radiant altar of Vehumet.
   792 | D        | Found a shimmering blue altar of Sif Muna.
   792 | D        | Found an ancient bone altar of Kikubaaqudgha.
   803 | D        | Became a worshipper of Vehumet
   841 | D        | Learned a level 4 spell: Sticky Flame
   845 | D        | Found a glowing silver altar of Zin.
   845 | D        | Found a glowing golden altar of the Shining One.
   845 | D        | Found a white marble altar of Elyvilon.
   846 | D        | Noticed a deep elf mage
   849 | D        | Killed a deep elf mage
   850 | D        | Reached skill level 12 in Spellcasting
   850 | D        | Reached skill level 10 in Conjurations
   850 | D        | Reached skill level 10 in Fire Magic
   850 | D        | Reached XP level 6. HP: 27/32 MP: 4/23
   850 | D        | Reached XP level 7. HP: 31/36 MP: 4/24
   955 | D        | Found a hide-covered altar of Uskayaw.
   955 | D        | Found a roughly hewn altar of Beogh.
   955 | D        | Found an iron altar of Okawaru.
   955 | D        | Found a bloodstained altar of Trog.
   955 | D        | Found an ornate altar of the Wu Jian Council.
   955 | D        | Noticed a human
   957 | D        | Killed a human
   957 | D        | Killed a human
   957 | D        | Reached * piety under Vehumet
   957 | D        | Offered knowledge of Freeze by Vehumet.
  1029 | D        | Noticed a shadow
  1031 | D        | Killed a shadow
  1032 | D        | Reached skill level 13 in Spellcasting
  1032 | D        | Reached XP level 8. HP: 41/41 MP: 17/27
  1107 | D        | Found a blossoming altar of Fedhas.
  1107 | D        | Found a stormy altar of Qazlal.
  1107 | D        | Found a snail-covered altar of Cheibriados.
  1107 | D        | Found a burning altar of Makhleb.
  1107 | D        | Found a shimmering altar of Xom.
  1108 | D        | Found a hazy altar of Hepliaklqana.
  1108 | D        | Found an opulent altar of Gozag.
  1108 | D        | Found a sparkling altar of Nemelex Xobeh.
  1108 | D        | Found a corrupted altar of Lugonu.
  1108 | D        | Found a viscous altar of Jiyva.
  1131 | D        | Offered knowledge of Searing Ray by Vehumet.
  1131 | D        | Reached ** piety under Vehumet
  1366 | D        | Noticed a two-headed ogre
  1382 | D        | Killed a two-headed ogre
  1382 | D        | Offered knowledge of Ignite Poison by Vehumet.
  1382 | D        | Reached *** piety under Vehumet
  1383 | D        | Reached skill level 14 in Spellcasting
  1494 | D        | Learned a level 3 spell: Ignite Poison
  1553 | D        | Noticed Erolcha
  1555 | D        | Killed Erolcha
  1556 | D        | Reached skill level 15 in Spellcasting
  1556 | D        | Reached XP level 9. HP: 45/45 MP: 20/30
  1561 | D        | Noticed a two-headed ogre
  1569 | D        | HP: 2/45 [redback (5)]
  1572 | D        | Offered knowledge of Static Discharge by Vehumet.
  1924 | D        | Killed a two-headed ogre
  1924 | D        | Reached **** piety under Vehumet
  1925 | D        | Reached skill level 16 in Spellcasting
  2082 | D        | Noticed a wandering mushroom
  2088 | D        | Killed a wandering mushroom
  2088 | D        | Offered knowledge of Olgreb's Toxic Radiance by Vehumet.
  2091 | D        | Noticed a wandering mushroom
  2094 | D        | Killed a wandering mushroom
  2098 | D        | Noticed a wandering mushroom
  2099 | D        | Killed a wandering mushroom
  2170 | D        | Learned a level 4 spell: Olgreb's Toxic Radiance
  2184 | D        | Noticed Sigmund
  2184 | D        | Noticed Edmund
  2193 | D        | Killed from afar by Sigmund

Illustrated notes

Levels and vault maps discovered:
D:        dungeon_sprint_mu [sprint_mu_entry_forest, sprint_mu_temple_rooms,
          sprint_mu_d1_spiders, sprint_mu_d2_genie, sprint_mu_d3_branching,
          sprint_mu_orc_legion, sprint_mu_elf_gauntlet, sprint_mu_hive_nellie,
          sprint_mu_lair_fedhas, sprint_mu_vaults_butterflies,
          sprint_mu_slime_circle, sprint_mu_swamp_cave, sprint_mu_shoals_kraken,
          sprint_mu_blade_basic, sprint_mu_crypt_lich, sprint_mu_tomb_spiral,
          sprint_mu_vestibule_basic, sprint_mu_gehenna_hellfire,
          sprint_mu_dis_giant, sprint_mu_tartarus_statrot,
          sprint_mu_cocytus_islands, sprint_mu_zot1]

Skill      XL: |  1  2  3  4  5  6  7  8  9 |
---------------+----------------------------+-----
Conjurations   | 3 4 5 7 10 11 13 14 | 14.0
Fire Magic     | 4 5 6 8 10 11 13 14 | 14.4
Spellcasting   | 5 7 9 12 13 15 16 | 16.5
Dodging        | |  2.4
Stealth        | |  2.4

Action                   |  1- 3 |  4- 6 |  7- 9 || total
-------------------------+-------+-------+-------++-------
Melee: Long sword        |       |       |     2 ||     2
 Cast: Foxfire           |    21 |     6 |    15 ||    42
       Fireball          |       |     4 |    33 ||    37
       Conjure Flame     |       |       |     1 ||     1
       Olgreb's Toxic Ra |       |       |     1 ||     1
       Sticky Flame      |       |       |     1 ||     1
  Use: Potion            |     1 |       |     3 ||     4
       Scroll            |       |       |     2 ||     2
Armor: Robe              |     1 |       |     3 ||     4
Dodge: Dodged            |     4 |     1 |    11 ||    16
       Rpst.: Long sword |       |       |     2 ||     2

Table legend: (Time is in decaauts)
 A = Elapsed time spent in this place.
 B = Non-inter-level travel time spent in this place.
 C = Inter-level travel time spent in this place.
 D = Time resting spent in this place.
 E = Time spent auto-exploring this place.
 F = Levels seen in this place.
 G = Mean time per level.
                   A        B        C        D        E       F      G
               +--------+--------+--------+--------+--------+-----+--------+
         Total |   2200 |   2151 |     49 |   1730 |      1 |   1 | 2200.0 |
       Dungeon |   2200 |   2151 |     49 |   1730 |      1 |   1 | 2200.0 |
               +--------+--------+--------+--------+--------+-----+--------+

Top non-repeatable levels by time:
       D: 2200 daAuts
